 Dungeon Crawl Stone Soup version 0.23.2 (webtiles) character file.

Game seed: 11148278303500926449

4424 Borgoz the Slicer (level 10, -2/88 HPs)
             Began as a Gargoyle Gladiator on Apr 9, 2019.
             Was an Initiate of Ashenzari.
             Slain by a centaur zombie (4 damage)
             ... on level 8 of the Dungeon.
             The game lasted 00:14:39 (7863 turns).

Borgoz the Slicer (Gargoyle Gladiator)              Turns: 7863, Time: 00:14:40

Health: -2/88      AC: 25    Str: 15 (17) XL:     10   Next: 36%
Magic:  12/12      EV:  2    Int:  9 (10) God:    Ashenzari [......]
Gold:   456        SH:  0    Dex: 11 (14) Spells: 6/9 levels left

rFire    . . .     SeeInvis .   a - +1 dagger (venom)
rCold    + . .     Gourm    .   (no shield)
rNeg     + + +     Faith    .   (armour currently unavailable)
rPois    ∞         Spirit   .   (helmet currently unavailable)
rElec    .         Reflect  .   (cloak currently unavailable)
rCorr    .         Harm     .   (gloves currently unavailable)
MR       .....     NoTele   +   (boots currently unavailable)
Stlth    ++++......             (no amulet)
HPRegen  0.24/turn              h - ring of stealth
MPRegen  0.13/turn              i - ring of protection from cold

@: tree-form
A: negative energy resistance 1, petrification resistance, rot immunity, AC +7
a: Curse Item, Renounce Religion


You were on level 8 of the Dungeon.
You worshipped Ashenzari.
Ashenzari was noncommittal.
You were not hungry.
You were a tree.
You visited 2 branches of the dungeon, and saw 9 of its levels.

You collected 456 gold pieces.

Inventory:

Hand Weapons
 a - a +1 dagger of venom (weapon)
 b - a +0 short sword of holy wrath
 F - a +0 rapier
Missiles
 d - 5 throwing nets (quivered)
Armour
 c - a +0 helmet (melded)
 r - the +1 leather armour of Divine Intervention (melded) {rF++}
   (You found it on level 4 of the Dungeon)

   It greatly protects you from fire.
 v - a scarf of repulsion (melded)
Jewellery
 h - a ring of stealth (left branch)
 i - a ring of protection from cold (right branch)
Wands
 t - a wand of polymorph (10)
 u - a wand of digging (8)
 w - a wand of iceblast (10)
 x - a wand of flame (19)
 z - a wand of disintegration (20)
Scrolls
 e - a scroll of noise {unknown}
 g - 3 scrolls of magic mapping
 j - 9 scrolls of teleportation
 k - 5 scrolls of remove curse
 l - a scroll of amnesia
 n - 2 scrolls of enchant armour
 o - 2 scrolls of fog {unknown}
 p - a scroll of enchant weapon {unknown}
 s - a scroll of random uselessness {unknown}
 E - a scroll of fear {unknown}
Potions
 m - 2 potions of brilliance
 q - 2 potions of mutation
 A - a potion of lignification
Comestibles
 f - 13 rations


   Skills:
 + Level 5.2 Fighting
 * Level 8.7 Short Blades
 - Level 1.7 Throwing
 + Level 8.3 Armour
 * Level 8.0 Dodging
 + Level 5.2 Stealth
 + Level 3.8 Evocations


You had 6 spell levels left.
You knew the following spells:

 Your Spells              Type           Power        Failure   Level  Hunger
a - Confuse               Hex            #.......     77%         3    ####...

Your spell library contained the following spells:

 Spells                   Type           Power        Failure   Level  Hunger
 Corona                   Hex            #......      38%         1    ##.....
 Ensorcelled Hibernation  Hex/Ice        #.....       52%         2    ###....
 Dazzling Spray           Conj/Hex       #.....       77%         3    ####...
 Tukima's Dance           Hex            #.......     77%         3    ####...


Dungeon Overview and Level Annotations

Branches:
Dungeon (8/15)             Temple (1/1) D:6
   Lair: D:8-11

Altars:
Ashenzari
Cheibriados
Dithmenos
Fedhas
Gozag
Hepliaklqana
Kikubaaqudgha
Makhleb
Nemelex Xobeh
Okawaru
Qazlal
Ru
Sif Muna
Trog
Uskayaw
Vehumet
Wu Jian
Xom
Yredelemnul
Zin
The Shining One

Shops:
D:5 %


Innate Abilities, Weirdness & Mutations

You are resistant to torment.
((Your stone body is resilient. (AC +7)))
You are immune to poison.
You resist negative energy. (rN+)
((You are resistant to electric shocks. (rElec)))
((You can survive without breathing.))
You are immune to petrification.
You are immune to rotting.


Message History

* * * LOW HITPOINT WARNING * * *
You barely miss the centaur zombie.
The centaur zombie is lightly damaged.
The centaur zombie hits you but does no damage.
You hit the centaur zombie.
The centaur zombie is lightly damaged.
The centaur zombie barely misses you.
You barely miss the centaur zombie.
The centaur zombie is lightly damaged.
The centaur zombie hits you but does no damage.
You hit the centaur zombie.
The centaur zombie is moderately damaged.
You hit the centaur zombie.
The centaur zombie is heavily damaged.
The centaur zombie hits you.
* * * LOW HITPOINT WARNING * * *
You hit the centaur zombie but do no damage.
The centaur zombie is heavily damaged.
The centaur zombie hits you.
You die...

.. .....##........
#.##...###........
#.......##........
##..._............
#....8...##.......
#.._..##........ #
#.....##........
#.###$###.....##........
.......♣Zh....<.........
#....#####..............
... ......Z.####........
# ........# ###.......
......... #....##.##
.......#.......##.#
......####.....##.#
...... ##....##.# ......
..........


You could see a centaur zombie and a jackal.

Vanquished Creatures
  A centaur skeleton (D:7)
  A hippogriff (D:7)
  Sigmund (D:6)
  Duvessa (D:7)
  A sky beast (D:8)
  2 ice beasts
  3 phantoms
  A black bear (D:6)
  An ogre (D:6)
  A big kobold (D:7)
  A wyvern zombie (D:8)
  Dowan (D:7)
  A water moccasin zombie (D:6)
  A scorpion (D:7)
  2 crimson imps (D:5)
  3 hounds
  5 orc priests
  A bullfrog skeleton (D:4)
  3 jellies
  6 orc wizards
  3 iguanas
  Ijyb (D:4)
  6 worker ants
  A hound skeleton (D:4)
  A worker ant zombie (D:5)
  6 gnolls
  13 adders
  2 oozes (D:3)
  An adder zombie (D:5)
  An adder skeleton (D:4)
  A worm (D:2)
  2 dart slugs (D:2)
  7 leopard geckos
  27 orcs
  2 ball pythons
  6 giant cockroaches
  12 goblins
  7 hobgoblins
  5 jackals
  4 quokkas
  9 bats
  4 frilled lizards
  A jackal zombie (D:7)
  7 kobolds
  3 leopard gecko zombies
  A quokka skeleton (D:4)
  9 rats
179 creatures vanquished.

Vanquished Creatures (others)
  An orc wizard (D:6)
1 creature vanquished.

Grand Total: 180 creatures vanquished

Notes
Turn   | Place    | Note
-------+----------+-------------------------------------------
     0 | D:1      | Borgoz the Gargoyle Gladiator began the quest for the Orb.
     0 | D:1      | Reached XP level 1. HP: 12/12 MP: 1/1
   135 | D:1      | Reached XP level 2. HP: 11/17 MP: 2/2
   710 | D:1      | Reached XP level 3. HP: 18/22 MP: 3/3
  1012 | D:2      | Reached skill level 1 in Armour
  1012 | D:2      | Reached skill level 1 in Stealth
  1066 | D:2      | Reached XP level 4. HP: 5/27 MP: 4/4
  1426 | D:2      | Found a glowing golden altar of the Shining One.
  1478 | D:2      | Found an ancient bone altar of Kikubaaqudgha.
  1717 | D:3      | Reached XP level 5. HP: 29/31 MP: 5/5
  1987 | D:3      | Found a radiant altar of Vehumet.
  2385 | D:4      | Reached XP level 6. HP: 12/37 MP: 6/6
  2638 | D:4      | Got a smelly leather armour
  2705 | D:4      | Noticed Ijyb
  2721 | D:4      | Killed Ijyb
  2795 | D:4      | Identified the +1 leather armour of Divine Intervention
                  | {rF++} (You found it on level 4 of the Dungeon)
  3115 | D:4      | Reached XP level 7. HP: 18/41 MP: 7/7
  3479 | D:5      | Entered Level 5 of the Dungeon
  3520 | D:5      | Found Acuulud's Food Shop.
  4509 | D:6      | Noticed Sigmund
  4565 | D:6      | Killed Sigmund
  4565 | D:6      | Reached skill level 5 in Short Blades
  4565 | D:6      | Reached XP level 8. HP: 26/48 MP: 8/8
  5149 | D:6      | Reached skill level 5 in Dodging
  5728 | D:6      | Found a staircase to the Ecumenical Temple.
  5750 | Temple   | Entered the Ecumenical Temple
  5938 | Temple   | Became a worshipper of Ashenzari the Shackled
  6040 | D:7      | Reached XP level 9. HP: 21/52 MP: 8/11
  6314 | D:7      | Found a basalt altar of Yredelemnul.
  6392 | D:7      | Reached XP level 10. HP: 41/58 MP: 12/12
  6474 | D:7      | Found a sacrificial altar of Ru.
  6475 | D:7      | Found an opulent altar of Gozag.
  6704 | D:7      | Noticed Duvessa
  6705 | D:7      | Noticed Dowan
  6708 | D:7      | Killed Duvessa
  6709 | D:7      | Killed Dowan
  6739 | D:7      | Reached skill level 5 in Fighting
  6739 | D:7      | Reached skill level 5 in Stealth
  7373 | D:8      | Found a basalt altar of Yredelemnul.
  7448 | D:7      | Learned a level 3 spell: Confuse
  7796 | D:8      | Found a sparkling altar of Nemelex Xobeh.
  7798 | D:8      | Found a burning altar of Makhleb.
  7857 | D:8      | HP: 2/88 [centaur zombie (5)]
  7862 | D:8      | HP: 2/88 [centaur zombie (1)]
  7863 | D:8      | Slain by a centaur zombie

Skill      XL: |  1  2  3  4  5  6  7  8  9 10 |
---------------+-------------------------------+-----
Short Blades   | 3 4 5 8 |  8.7
Armour         | 1 2 3 8 |  8.3
Stealth        | 1 2 3 4 5 |  5.2
Dodging        | 3 4 7 8 |  8.0
Fighting       | 3 4 5 |  5.2
Evocations     | 3 |  3.8
Throwing       | |  1.7

Action                   |  1- 3 |  4- 6 |  7- 9 | 10-12 || total
-------------------------+-------+-------+-------+-------++-------
Melee: Rapier            |   115 |   264 |   269 |       ||   648
       Dagger            |       |       |   178 |   172 ||   350
Throw: Throwing net      |       |     1 |       |       ||     1
Evoke: Wand              |       |       |       |     5 ||     5
  Use: Potion            |     1 |     1 |     6 |     4 ||    12
       Scroll            |       |     9 |     2 |       ||    11
 Stab: Sleeping          |     2 |    13 |     7 |     6 ||    28
       Distracted        |       |     1 |       |       ||     1
  Eat: Chunk             |       |     8 |    10 |     5 ||    23
Armor: Leather armour    |    61 |    96 |   173 |    44 ||   374
       Skin              |       |       |    18 |     4 ||    22
Dodge: Dodged            |    92 |   177 |   295 |    93 ||   657
       Deflected         |       |       |     3 |       ||     3
